 Dungeon Crawl Stone Soup version 0.21.1-1-g345015fe64 (webtiles) character file.

3423 Oravi the Martial Artist (level 10, -9/67 HPs)
             Began as a Merfolk Transmuter on Apr 16, 2018.
             Was a Follower of Qazlal.
             Mangled by a crocodile (17 damage)
             ... on level 8 of the Dungeon.
             The game lasted 00:27:12 (6725 turns).

Oravi the Martial Artist (Merfolk Transmuter)       Turns: 6725, Time: 00:27:12

Health: -9/67      AC:  2    Str: 14    XL:     10   Next: 5%
Magic:  11/13      EV: 30    Int: 15    God:    Qazlal [*.....]
Gold:   265        SH:  1    Dex: 21    Spells: 7/13 levels left

rFire    . . .     SeeInvis .     - Unarmed
rCold    . . .     Gourm    .   (shield currently unavailable)
rNeg     . . .     Faith    .   (armour currently unavailable)
rPois    x         Spirit   .   (helmet currently unavailable)
rElec    .         Reflect  .   (cloak currently unavailable)
rCorr    .         Harm     .   (gloves currently unavailable)
MR       .....                  (boots currently unavailable)
Stlth    ++........             z - amulet of rage
HPRegen  0.21/turn              o - +4 ring of strength
MPRegen  0.13/turn              G - +3 ring of evasion

@: spider-form, berserk cooldown, slowed, very slow
A: tiny, (change form in water), (swift swim), (stealthy swim)
a: End Transformation, Renounce Religion, Evoke Berserk Rage


You were on level 8 of the Dungeon.
You worshipped Qazlal.
Qazlal was aware of your devotion.
You were very hungry.
You were a venomous arachnid creature.
You visited 2 branches of the dungeon, and saw 9 of its levels.
You also visited: Sewer.

You collected 265 gold pieces.

Inventory:

Missiles
 a - 68 arrows
Armour
 b - a +0 robe (melded)
 m - a +2 hat
Magical Staves
 t - an uncursed staff of power
 u - a cursed staff of poison (melded)
Jewellery
 h - an uncursed ring of protection from magic
 j - an uncursed ring of resist corrosion
 n - an uncursed ring of magical power
 o - a +4 ring of strength (left front leg)
 x - an uncursed ring of flight
 z - an amulet of rage (around neck)
 G - a +3 ring of evasion (right front leg)
Wands
 v - a wand of flame (18)
 y - a wand of enslavement (14)
 A - a wand of iceblast (18)
 C - a wand of acid (11)
Scrolls
 q - 3 scrolls of teleportation
 w - a scroll of blinking
 F - a scroll of remove curse
Potions
 e - a potion of might
 f - a potion of invisibility
 g - a potion of agility
 k - a potion of brilliance
 l - 2 potions of lignification
 p - 3 potions of ambrosia
 r - 2 potions of cancellation
 s - 2 potions of curing {unknown}
 B - 2 potions of flight {unknown}
Books
 c - a book of Changes

   Spells                             Type                      Level
   a - Beastly Appendage              Transmutation                1
   b - Sticks to Snakes               Transmutation                2
   c - Spider Form                    Transmutation/Poison         3
   d - Ice Form                       Ice/Transmutation            4
   e - Blade Hands                    Transmutation                5
 E - a Grand Grimoire

   Spells                             Type                      Level
   a - Monstrous Menagerie            Summoning                    7
   b - Summon Greater Demon           Summoning                    7
   c - Malign Gateway                 Summoning/Translocation      7
   d - Summon Horrible Things         Summoning                    8
Comestibles
 d - 16 rations
 D - 4 chunks of flesh


   Skills:
 + Level 2.2 Fighting
 + Level 6.9 Dodging
 + Level 10.0 Unarmed Combat
 - Level 2.0 Spellcasting
 * Level 9.9 Transmutations
 * Level 6.5 Poison Magic


You had 7 spell levels left.
You knew the following spells:

 Your Spells              Type           Power        Failure   Level  Hunger
a - Beastly Appendage     Tmut           ####..       3%          1    #......
b - Sticks to Snakes      Tmut           ####....     3%          2    ###....
c - Spider Form           Tmut/Pois      ####......   9%          3    ###....


Dungeon Overview and Level Annotations

Branches:
Dungeon (8/15)             Temple (1/1) D:7
   Lair: D:8-11

Altars:
Ashenzari
Cheibriados
Dithmenos
Elyvilon
Fedhas
Gozag
Hepliaklqana
Kikubaaqudgha
Makhleb
Nemelex Xobeh
Okawaru
Qazlal
Ru
Sif Muna
Trog
Uskayaw
Vehumet
Wu Jian
Xom
Yredelemnul
Zin
The Shining One

Shops:
D:4 [


Message History

The crocodile bites you! x2
* * * LOW HITPOINT WARNING * * *
The crocodile bites you!
* * * LOW HITPOINT WARNING * * *
The crocodile bites you!
* * * LOW HITPOINT WARNING * * *
You turn to flesh and can move again.
Casting: Spider Form
Confirm with . or Enter, or press ? or * to list all spells.
You feel a surge of power!
You turn into a venomous arachnid creature.
Your cursed staff of poison melds into your body.
Your +0 robe melds into your body.
You are feeling very hungry.
The crocodile completely misses you. x2
Okay, then.
The crocodile completely misses you.
You see here a dagger.
The crocodile bites you!
You die...

#.......####.###
###.........<....#
......###รท######.#
#.#... #.#
......###.#
#..#....#
###.......#
........###
#####..s# #..t#
#.).# #..)# #...#
.............#
.............#
.............#
#####...##.###


You could see a crocodile.

Vanquished Creatures
  Pikel (D:6)
  The ghost of Ludini the Changer, an amateur DsTm of Cheibriados (D:4)
  A spriggan (D:7)
  A basilisk (D:8)
  2 slaves (D:6)
  Purgy (D:3)
  An orc warrior (D:6)
  4 ice beasts
  An ogre (D:4)
  3 bullfrogs
  A scorpion (D:6)
  3 howler monkeys
  3 crimson imps
  9 hounds
  3 jellies
  A centaur skeleton (D:7)
  An iguana (D:5)
  2 orc priests
  Ijyb (D:5)
  An orc wizard (D:6)
  2 worker ants
  A hound skeleton (D:4)
  A howler monkey zombie (D:5)
  Robin (D:3)
  4 gnolls (D:4)
  10 adders
  A shadow imp (D:5)
  11 oozes
  An adder zombie (D:7)
  4 worms
  A dart slug (D:1)
  15 leopard geckos
  21 orcs
  18 giant cockroaches
  18 goblins
  5 hobgoblins
  9 jackals
  A quokka (D:5)
  10 ball pythons
  7 bats
  18 frilled lizards
  5 kobolds
  A quokka zombie (D:5)
  8 rats
214 creatures vanquished.

Vanquished Creatures (collateral kills)
  The ghost of Oravi the Transmogrifier, a novice MfTm of Qazlal (D:6)
  Menkaure (D:7)
2 creatures vanquished.

Grand Total: 216 creatures vanquished

Notes
Turn   | Place    | Note
-------+----------+-------------------------------------------
     0 | D:1      | Oravi the Merfolk Transmuter began the quest for the Orb.
     0 | D:1      | Reached XP level 1. HP: 15/15 MP: 3/3
   265 | D:1      | Reached XP level 2. HP: 12/21 MP: 3/5
   576 | D:1      | Reached XP level 3. HP: 26/26 MP: 4/6
   601 | D:1      | Reached skill level 4 in Unarmed Combat
  1193 | D:2      | Learned a level 2 spell: Sticks to Snakes
  1197 | D:2      | Learned a level 3 spell: Spider Form
  1445 | D:2      | Reached XP level 4. HP: 20/32 MP: 1/7
  1837 | D:3      | Noticed Purgy
  2016 | D:3      | Noticed Robin
  2038 | D:3      | Killed Robin
  2347 | D:3      | Reached skill level 1 in Poison Magic
  2430 | D:3      | Killed Purgy
  2430 | D:3      | Reached skill level 5 in Unarmed Combat
  2430 | D:3      | Reached XP level 5. HP: 22/37 MP: 8/8
  2867 | D:4      | Noticed Ludini's ghost (amateur DsTm)
  2867 | D:4      | Found Qeffekae's Antique Armour Shoppe.
  2893 | D:4      | Killed Ludini's ghost
  2893 | D:4      | Reached skill level 5 in Transmutations
  2893 | D:4      | Reached XP level 6. HP: 30/43 MP: 4/9
  2933 | D:4      | Reached XP level 7. HP: 40/48 MP: 3/10
  3164 | D:4      | Reached skill level 6 in Unarmed Combat
  3259 | D:4      | Found a glowing drain.
  3263 | Sewer    | Entered a sewer
  3643 | Sewer    | Reached XP level 8. HP: 41/54 MP: 6/11
  3651 | Sewer    | Reached skill level 5 in Dodging
  4163 | D:5      | Entered Level 5 of the Dungeon
  4163 | D:5      | Noticed Ijyb
  4178 | D:5      | Killed Ijyb
  4304 | D:5      | Found a bloodstained altar of Trog.
  4397 | D:5      | Reached skill level 7 in Unarmed Combat
  4766 | D:6      | Noticed Oravi's ghost (novice MfTm)
  4800 | D:6      | Killed Oravi's ghost
  4849 | D:6      | Reached skill level 5 in Poison Magic
  4865 | D:6      | Reached skill level 8 in Unarmed Combat
  4885 | D:6      | Reached XP level 9. HP: 54/61 MP: 6/12
  5175 | D:6      | Found a sparkling altar of Nemelex Xobeh.
  5445 | D:6      | Noticed Pikel
  5471 | D:6      | Killed Pikel
  5471 | D:6      | Reached skill level 9 in Unarmed Combat
  6140 | D:7      | Found a staircase to the Ecumenical Temple.
  6150 | Temple   | Entered the Ecumenical Temple
  6156 | Temple   | Became a worshipper of Qazlal Stormbringer
  6439 | D:7      | Identified a scroll of acquirement
  6529 | D:7      | Noticed Menkaure
  6536 | D:7      | Killed Menkaure
  6702 | D:8      | Reached XP level 10. HP: 67/67 MP: 13/13
  6704 | D:8      | Reached * piety under Qazlal
  6708 | D:8      | Reached skill level 10 in Unarmed Combat
  6725 | D:8      | Mangled by a crocodile

Skill      XL: |  1  2  3  4  5  6  7  8  9 10 |
---------------+-------------------------------+-----
Transmutations | 3 4 5 6 7 8 9 |  9.9
Dodging        | 3 4 5 6 |  6.9
Unarmed Combat | 4 5 6 8 9 10 | 10.0
Poison Magic   | 2 3 5 6 |  6.5
Fighting       | 2 |  2.2
Spellcasting   | |  2.0

Action                   |  1- 3 |  4- 6 |  7- 9 | 10-12 || total
-------------------------+-------+-------+-------+-------++-------
Melee: Unarmed           |   126 |    88 |   442 |     6 ||   662
       Headbutt          |    14 |       |       |       ||    14
       Staff             |       |     1 |    12 |       ||    13
       Tailslap          |       |       |     1 |       ||     1
       Punch             |       |       |     1 |       ||     1
 Cast: Beastly Appendage |    20 |     1 |       |       ||    21
       Spider Form       |     1 |    15 |    54 |     1 ||    71
       Sticks to Snakes  |       |     4 |     7 |       ||    11
 Abil: End Transformatio |       |       |     2 |       ||     2
       Evoke Berserk Rag |       |       |     1 |       ||     1
  Use: Scroll            |       |    10 |    12 |       ||    22
       Potion            |       |       |     2 |       ||     2
 Stab: Sleeping          |     1 |       |     6 |       ||     7
  Eat: Chunk             |     2 |     6 |    19 |       ||    27
       Ration            |       |     1 |       |       ||     1
Armor: Robe              |    25 |       |     2 |       ||    27
       Skin              |       |     3 |    19 |       ||    22
Dodge: Dodged            |   110 |    77 |   524 |    10 ||   721
